[Event "Titled Tuesday Blitz August 16 Early 2022"]
[White "Kosteniuk, Alexandra"]
[Black "Veiga, Jose Francisco R P Neves"]
[WhiteFideId "4128125"]
[BlackFideId "1930087"]
[WhiteElo "2469"]
[BlackElo "2273"]
[Result "1-0"]
[Round "01"]
[TimeControl "180+2"]
[Date "2022.08.18"]
[WhiteClock "0:00:00"]
[BlackClock "0:00:00"]

1. e4 c5 2. c3 d5 3. exd5 Qxd5 4. d4 Nc6 5. Nf3 cxd4 6. cxd4 e5 7. Nc3 Bb4 8. dxe5 Qxd1+ 9. Kxd1 Bg4 10. Be3 O-O-O+ 11. Kc2 Nge7 12. Bc4 Ng6 13. e6 Bxe6 14. Bxe6+ fxe6 15. Rhd1 Nge5 16. Ng5 Rde8 17. a3 Ba5 18. Nge4 Bc7 19. Nb5 Nc4 20. Bxa7 Nxa7 21. Nxa7+ Kb8 22. Nb5 Be5 23. Nbc3 Rc8 24. Rd7 Rhd8 25. Rad1 Rxd7 26. Rxd7 Nb6 27. Re7 Rc7 28. Rxe6 Nc4 29. Re8+ Rc8 30. Rxc8+ Kxc8 31. g3 Kd7 32. Nc5+ Kc6 33. Nd3 Bf6 34. Nb4+ Kc5 35. Ne4+ Kd4 36. Nxf6 gxf6 37. Nd3 Ke4 38. Nc5+ Kf3 39. Nxb7 Kxf2 40. a4 Kg2 41. b3 Ne3+ 42. Kd3 Nd5 43. Kc4 Nc7 44. Nd6 Kxh2 45. Nf5 Kh3 46. b4 Kg4 47. Nd4 Kxg3 48. b5 h5 49. b6 Na6 50. Kb5 Nb8 51. a5 Kf4 52. a6 Nxa6 53. Kxa6 h4 54. b7 h3 55. b8=Q+ Ke4 1-0


[Site "https://www.chess.com"]

[Event "Titled Tuesday Blitz August 16 Early 2022"]
[White "Kovacevic, Radmila"]
[Black "Skawinski, Arkadiusz"]
[WhiteFideId "933171"]
[BlackFideId "1126415"]
[WhiteElo "2157"]
[BlackElo "2149"]
[Result "0-1"]
[Round "01"]
[TimeControl "180+2"]
[Date "2022.08.18"]
[WhiteClock "0:00:00"]
[BlackClock "0:00:00"]

1. d4 d5 2. c4 e6 3. Nc3 c6 4. Nf3 dxc4 5. e4 b5 6. a3 Bb7 7. Bf4 Nd7 8. d5 Ngf6 9. dxe6 fxe6 10. e5 Nd5 11. Nxd5 cxd5 12. Nd4 Nc5 13. Nxb5 Qa5+ 14. Nc3 Nb3 15. Qh5+ g6 16. Qg4 Kf7 17. Rd1 Bxa3 18. Bh6 Bxb2 19. Qf3+ Ke8 20. Qf6 Bxc3+ 21. Ke2 Kd7 22. Qf7+ Kc6 23. Qxe6+ Kb5 24. Rxd5+ Bxd5 25. Qxd5+ Kb4 26. Qb7+ Ka3 27. f4 Rhd8 28. Kf2 Qc5+ 29. Kg3 Be1+ 30. Kh3 Qc8+ 31. Qxc8 Raxc8 32. g3 Bc3 33. Bg5 Re8 34. Bg2 Bxe5 35. fxe5 Rxe5 36. Bf4 Rb5 37. Be4 c3 38. Rb1 c2 39. Bc1+ Ka4 40. Rb2 Nxc1 41. Bxc2+ Ka5 42. Rxb5+ Kxb5 43. Be4 Kb4 44. Kg4 Rc7 45. Kg5 a6 46. Bd5 a5 47. Kh6 Nb3 48. Be6 a4 49. h4 a3 50. g4 a2 51. h5 gxh5 52. g5 a1=Q 53. Bxb3 Qg7+ 54. Kxh5 Qg6+ 55. Kh4 Kxb3 56. Kg3 Qxg5+ 57. Kf3 Rc3+ 58. Ke4 Rc4+ 59. Kd3 Qd5+ 60. Ke2 Re4+ 61. Kf3 Qf5+ 62. Kg3 Rg4+ 63. Kh2 Qh5# 0-1


[Site "https://www.chess.com"]

[Event "Titled Tuesday Blitz August 16 Early 2022"]
[White "Kuchava, Ana"]
[Black "Adewumi, Tanitoluwa"]
[WhiteFideId "13605348"]
[BlackFideId "30966396"]
[WhiteElo "1955"]
[BlackElo "2302"]
[Result "0-1"]
[Round "01"]
[TimeControl "180+2"]
[Date "2022.08.18"]
[WhiteClock "0:00:00"]
[BlackClock "0:00:00"]

1. d4 Nf6 2. c4 e6 3. Nf3 b6 4. a3 Bb7 5. Nc3 d5 6. cxd5 Nxd5 7. e3 g6 8. Bd3 Bg7 9. O-O Nxc3 10. bxc3 O-O 11. e4 c5 12. Be3 cxd4 13. cxd4 Nc6 14. Bc2 Qd6 15. Qd3 Rfd8 16. Rfd1 Rac8 17. Rac1 Na5 18. Ba4 f5 19. exf5 exf5 20. Ng5 h6 21. Nh3 Be4 22. Qb5 Qxa3 0-1


[Site "https://www.chess.com"]

[Event "Titled Tuesday Blitz August 16 Early 2022"]
[White "Kuznetsova, Olga"]
[Black "Bachmann, Axel"]
[WhiteFideId "4191323"]
[BlackFideId "3700488"]
[WhiteElo "2134"]
[BlackElo "2595"]
[Result "0-1"]
[Round "01"]
[TimeControl "180+2"]
[Date "2022.08.18"]
[WhiteClock "0:00:00"]
[BlackClock "0:00:00"]

1. d4 Nf6 2. Bf4 g6 3. e3 Bg7 4. h3 O-O 5. Nf3 d6 6. Nbd2 Nfd7 7. Bg3 e5 8. c3 Nc6 9. Bb5 f5 10. O-O e4 11. Ne1 Nf6 12. f3 exf3 13. Nexf3 h6 14. Bd3 Be6 15. e4 Ne7 16. e5 Nh5 17. Bh2 Nd5 18. Re1 Qd7 19. exd6 cxd6 20. Bc4 Bf7 21. Qb3 Nhf6 22. Re2 Rab8 23. a4 a6 24. a5 b5 25. axb6 Rxb6 26. Qc2 Rc8 27. b3 f4 28. Ne4 Nxe4 29. Rxe4 g5 30. Rae1 Ne3 31. Bxf7+ Qxf7 32. R4xe3 fxe3 33. c4 Re8 34. Qd3 Qe6 35. d5 Qe4 36. Qxe4 Rxe4 37. Rb1 Rxc4 0-1


[Site "https://www.chess.com"]

[Event "Titled Tuesday Blitz August 16 Early 2022"]
[White "Lagno, Kateryna"]
[Black "Ramirez Vido, Robert Yorisan"]
[WhiteFideId "14109336"]
[BlackFideId "3513823"]
[WhiteElo "2522"]
[BlackElo "2090"]
[Result "1-0"]
[Round "01"]
[TimeControl "180+2"]
[Date "2022.08.18"]
[WhiteClock "0:00:00"]
[BlackClock "0:00:00"]

1. e4 d6 2. d4 Nf6 3. Nc3 g6 4. Be3 c6 5. Nf3 b5 6. Bd3 b4 7. Ne2 Bg7 8. Qd2 Qb6 9. Bh6 Bxh6 10. Qxh6 c5 11. e5 dxe5 12. dxe5 Ng4 13. Qg7 Rf8 14. Be4 c4 15. O-O Bb7 16. Bxb7 Qxb7 17. h3 Qe4 18. Ng3 Qxc2 19. hxg4 Qxb2 20. Ng5 Nd7 21. Nxh7 Qxe5 22. Qxe5 Nxe5 23. Nxf8 Kxf8 1-0


[Site "https://www.chess.com"]

[Event "Titled Tuesday Blitz August 16 Early 2022"]
[White "Lakshmi C"]
[Black "Schekachikhin, Maksim"]
[WhiteFideId "25035347"]
[BlackFideId "24177830"]
[WhiteElo "1775"]
[BlackElo "2239"]
[Result "1-0"]
[Round "01"]
[TimeControl "180+2"]
[Date "2022.08.18"]
[WhiteClock "0:00:00"]
[BlackClock "0:00:00"]

1. e4 c5 2. Nf3 e6 3. d4 cxd4 4. Nxd4 Nc6 5. Nc3 Qc7 6. a3 Nf6 7. Be3 d6 8. Be2 Be7 9. O-O O-O 10. Nb3 Bd7 11. f4 a6 12. Qe1 Na5 13. Nxa5 Qxa5 14. Nd5 Qd8 15. Bb6 Qe8 16. Nc7 Qc8 17. Nxa8 Qxa8 18. Bd3 Qc8 19. h3 Bc6 20. Qe3 d5 21. e5 Ne4 22. Bxe4 dxe4 23. Rfd1 Bd5 24. Rac1 Qc4 25. b3 Qc8 26. c4 Bc6 27. b4 f5 28. b5 Be8 29. a4 g5 30. g3 Bh5 31. Rd2 gxf4 32. gxf4 Bf3 33. Kh2 Kh8 34. c5 axb5 35. axb5 Qe8 36. c6 bxc6 37. bxc6 Qh5 38. c7 Rc8 39. Rd8+ Bxd8 40. cxd8=Q+ Rxd8 41. Bxd8 1-0


[Site "https://www.chess.com"]

[Event "Titled Tuesday Blitz August 16 Early 2022"]
[White "Le, Tuan Minh"]
[Black "Ginzburg, Yakov"]
[WhiteFideId "12401153"]
[BlackFideId "4157176"]
[WhiteElo "2530"]
[BlackElo "2265"]
[Result "1-0"]
[Round "01"]
[TimeControl "180+1"]
[Date "2022.08.16"]
[WhiteClock "0:00:26"]
[BlackClock "0:00:14"]

1. d4 d5 2. Nf3 Nf6 3. Bf4 Bf5 4. c4 c6 5. Nc3 e6 6. Qb3 Qb6 7. c5 Qxb3 8. axb3 a6 9. b4 Nh5 10. Bd2 Nd7 11. b5 cxb5 12. Nxb5 Rc8 13. Nc3 Nhf6 14. e3 e5 15. dxe5 Ne4 16. b4 Nxd2 17. Kxd2 Be4 18. Nd4 Nxe5 19. f3 Bg6 20. Nxd5 Rd8 21. e4 Nc6 22. Kc3 Nxd4 23. Kxd4 Be7 24. Bc4 O-O 25. Rhe1 Rfe8 26. Kc3 Bg5 27. Rad1 h5 28. f4 Bh4 29. g3 Bf6+ 30. e5 1-0


[Site "https://www.chess.com"]

[Event "Titled Tuesday Blitz August 16 Early 2022"]
[White "Legenia, Artem"]
[Black "Blanco Ronquillo, Humberto L."]
[WhiteFideId "14136945"]
[BlackFideId "3504239"]
[WhiteElo "1936"]
[BlackElo "2425"]
[Result "0-1"]
[Round "01"]
[TimeControl "180+2"]
[Date "2022.08.18"]
[WhiteClock "0:00:00"]
[BlackClock "0:00:00"]

1. d4 Nf6 2. Nf3 d5 3. Bf4 e6 4. e3 Bd6 5. Bg3 O-O 6. Bd3 c5 7. c3 Qc7 8. dxc5 Qxc5 9. O-O Bxg3 10. hxg3 Nc6 11. Nbd2 e5 12. Be2 Bf5 13. Qb3 Rfe8 14. Qb5 Qe7 15. Qb3 h6 16. Rfe1 Qc7 17. Rac1 a6 18. Nf1 b5 19. a4 Na5 20. Qb4 Nc4 21. axb5 axb5 22. Ra1 Rab8 23. Ra6 Ne4 24. Rea1 Rb7 25. Ra8 Reb8 26. Rxb8+ Rxb8 27. Rd1 Be6 28. Ra1 g5 29. b3 Nb6 30. Rc1 Nd7 31. Bd3 Nec5 32. Be2 Ne4 33. N1d2 Nd6 34. Ra1 Kg7 35. Rc1 f6 36. e4 dxe4 37. Nxe4 Nxe4 38. Qxe4 Bxb3 39. Nd2 Bf7 40. Bg4 Nf8 41. Nf3 Qc4 42. Qf5 Be6 0-1


[Site "https://www.chess.com"]

[Event "Titled Tuesday Blitz August 16 Early 2022"]
[White "Lehtosaari, Mauri"]
[Black "Babazada, Khazar"]
[WhiteFideId "501999"]
[BlackFideId "13413554"]
[WhiteElo "2519"]
[BlackElo "2409"]
[Result "0-1"]
[Round "01"]
[TimeControl "180+1"]
[Date "2022.08.16"]
[WhiteClock "0:00:05"]
[BlackClock "0:00:52"]

1. d4 g6 2. Nf3 Bg7 3. Bg5 d6 4. c3 h6 5. Bh4 Nf6 6. e3 O-O 7. Nbd2 b6 8. Bc4 Bb7 9. Qc2 e6 10. a4 a6 11. Ba2 Nbd7 12. O-O Qe8 13. Bxf6 Nxf6 14. e4 e5 15. dxe5 dxe5 16. Rfe1 Rd8 17. a5 b5 18. b4 Qe7 19. Nb3 Rd6 20. Nc5 Ba8 21. Rad1 Rfd8 22. Rxd6 cxd6 23. Nb3 Rc8 24. Nbd2 Qc7 25. Rc1 d5 26. exd5 Nxd5 27. Bxd5 Bxd5 28. Ne4 Qc6 29. Nc5 Bxf3 30. gxf3 Qxf3 31. c4 Bf8 32. cxb5 axb5 33. a6 Qa3 34. Qc3 Qxc3 35. Rxc3 Ra8 36. Ra3 Be7 37. Ra5 h5 38. Rxb5 Bxc5 39. Rxc5 Rxa6 40. Rxe5 Rb6 41. b5 Kg7 42. Rc5 Kf6 43. Kg2 Ke6 44. Kg3 Kd6 45. Rg5 Rb8 46. h4 Ra8 47. f3 Ra2 48. Kf4 Rb2 49. Kg3 Rb3 50. Kf4 Rc3 51. Re5 Rb3 52. Rg5 Rb1 53. Kg3 f6 54. Rxg6 Rg1+ 55. Kf4 Rxg6 56. Kf5 Rg3 57. f4 Rb3 58. Kxf6 Rxb5 59. Kg6 Ke6 0-1


[Site "https://www.chess.com"]

[Event "Titled Tuesday Blitz August 16 Early 2022"]
[White "Levitskiy, Andrey"]
[Black "Ardila, Oscar Humberto"]
[WhiteFideId "14132885"]
[BlackFideId "4404742"]
[WhiteElo "2293"]
[BlackElo "1939"]
[Result "1-0"]
[Round "01"]
[TimeControl "180+2"]
[Date "2022.08.18"]
[WhiteClock "0:00:00"]
[BlackClock "0:00:00"]

1. e4 e5 2. Nf3 Nf6 3. Nxe5 d6 4. Nd3 Nxe4 5. Qe2 Qe7 6. Nf4 Nf6 7. d4 Qxe2+ 8. Bxe2 Bf5 9. Bd3 Bxd3 10. Nxd3 Nc6 11. c3 O-O-O 12. f3 Re8+ 13. Kf2 Be7 14. Na3 Nd5 15. Nc2 Bf6 16. Nf4 Nxf4 17. Bxf4 Re7 18. Rae1 Rhe8 19. Rxe7 Rxe7 20. h4 Kd7 21. Ne3 Re8 22. g4 Na5 23. g5 Bd8 24. h5 b5 25. b3 c6 26. Nf5 Nb7 27. Nxg7 Rg8 28. h6 d5 29. Rg1 Nd6 30. Bxd6 Kxd6 31. f4 Ba5 32. b4 Bc7 33. Kf3 Kd7 34. f5 a5 35. a3 axb4 36. axb4 Ra8 37. g6 fxg6 38. fxg6 hxg6 39. Rxg6 Ra2 40. Rg5 Ra8 41. Kg4 Ke7 42. Nf5+ Kf6 43. Rg7 Bh2 44. Nh4 Rh8 45. Kh5 Bf4 46. Rg6+ Kf7 47. Rxc6 Bd2 48. Nf5 Bc1 49. Nd6+ Ke6 50. Nxb5+ Kf5 51. Nd6+ Kf4 52. Nf7 Rh7 53. Kg6 Rxh6+ 54. Nxh6 Ke4 55. b5 Kd3 56. b6 Bf4 57. b7 Kc2 58. Nf7 Kd3 59. Ne5+ Bxe5 60. dxe5 1-0


[Site "https://www.chess.com"]

[Event "Titled Tuesday Blitz August 16 Early 2022"]
[White "Maksimenko, Viktor"]
[Black "Schut, Han"]
[WhiteFideId "13710478"]
[BlackFideId "1005561"]
[WhiteElo "2269"]
[BlackElo "2024"]
[Result "1-0"]
[Round "01"]
[TimeControl "180+2"]
[Date "2022.08.18"]
[WhiteClock "0:00:00"]
[BlackClock "0:00:00"]

1. d4 Nf6 2. Nf3 g6 3. g3 Bg7 4. Bg2 O-O 5. O-O d5 6. c4 dxc4 7. e3 c6 8. a4 Be6 9. Na3 Nbd7 10. Ng5 Bd5 11. e4 h6 12. exd5 hxg5 13. dxc6 bxc6 14. Bxg5 Nb6 15. a5 Nbd5 16. Nxc4 Rb8 17. Re1 Rb4 18. Qc2 e6 19. Ne5 Qb8 20. Re2 Qb5 21. Bf1 Rxd4 22. Qxc6 Qxc6 23. Nxc6 Rd3 24. Rxe6 Rxg3+ 25. hxg3 fxe6 26. Nxa7 Ne4 27. Be3 Nxe3 28. fxe3 Bxb2 29. Ra2 Be5 30. a6 Nxg3 31. Bc4 Kg7 32. Nc6 Bd6 33. a7 Bc5 34. a8=Q Bxe3+ 35. Kg2 Rxa8 36. Rxa8 Nf5 37. Bxe6 Bd4 38. Bxf5 1-0


[Site "https://www.chess.com"]

[Event "Titled Tuesday Blitz August 16 Early 2022"]
[White "Mamedov, Rauf"]
[Black "Yedidia, Daniel"]
[WhiteFideId "13401653"]
[BlackFideId "30905907"]
[WhiteElo "2666"]
[BlackElo "2538"]
[Result "1-0"]
[Round "01"]
[TimeControl "180+1"]
[Date "2022.08.16"]
[WhiteClock "0:02:03"]
[BlackClock "0:00:38"]

1. e4 e5 2. Nf3 Nc6 3. Bc4 Nf6 4. d4 exd4 5. e5 Ne4 6. Qe2 Nc5 7. O-O Be7 8. Rd1 d6 9. exd6 cxd6 10. c3 d3 11. Qe3 O-O 12. b4 Nd7 13. Bxd3 Nde5 14. Be4 Be6 15. Nbd2 f5 16. Bxc6 bxc6 17. Nxe5 dxe5 18. Qxe5 Qc8 19. Re1 Rf6 20. Nf3 Bf8 21. Bg5 Rg6 22. Nh4 Rxg5 23. Qxe6+ Qxe6 24. Rxe6 Rg4 25. Nxf5 Rc4 26. Ne7+ Bxe7 27. Rxe7 Rxc3 28. Rd1 Kf8 29. Rc7 a5 30. bxa5 1-0


[Site "https://www.chess.com"]

[Event "Titled Tuesday Blitz August 16 Early 2022"]
[White "Manukyan, Sargis A."]
[Black "Tristan, Leonardo"]
[WhiteFideId "13303970"]
[BlackFideId "113816"]
[WhiteElo "2187"]
[BlackElo "2404"]
[Result "0-1"]
[Round "01"]
[TimeControl "180+1"]
[Date "2022.08.16"]
[WhiteClock "0:00:15"]
[BlackClock "0:02:30"]

1. d4 d5 2. c4 e6 3. Nc3 a6 4. cxd5 exd5 5. Bf4 Nf6 6. e3 c5 7. Nf3 c4 8. a4 Nc6 9. Be2 Be7 10. O-O O-O 11. b3 Qa5 12. Rc1 Ba3 13. bxc4 Bxc1 14. Qxc1 dxc4 15. Bxc4 Bg4 16. Ne5 Nxe5 17. dxe5 Rac8 18. exf6 Rxc4 19. fxg7 Rfc8 20. Qb2 Qxc3 21. Qxb7 Qxg7 22. f3 Be6 23. e4 Rc2 24. Bg3 h5 25. Qe7 Qd4+ 26. Bf2 Rxf2 27. Qg5+ Kf8 28. Qh6+ Ke8 29. Qh8+ Qxh8 0-1


[Site "https://www.chess.com"]

[Event "Titled Tuesday Blitz August 16 Early 2022"]
[White "Marin Ramirez, Gerardo"]
[Black "Ezat, Mohamed"]
[WhiteFideId "3901068"]
[BlackFideId "10600906"]
[WhiteElo "1920"]
[BlackElo "2386"]
[Result "0-1"]
[Round "01"]
[TimeControl "180+2"]
[Date "2022.08.18"]
[WhiteClock "0:00:00"]
[BlackClock "0:00:00"]

1. d4 Nf6 2. c4 g6 3. Nf3 Bg7 4. Nc3 O-O 5. e4 d6 6. Bg5 h6 7. Bh4 Nbd7 8. Be2 g5 9. Bg3 Nh5 10. Qd2 e6 11. d5 exd5 12. cxd5 Re8 13. Nd4 Nc5 14. f3 Nf4 15. Bxf4 gxf4 16. O-O-O Qf6 17. Kb1 Bd7 18. Bb5 c6 19. dxc6 bxc6 20. Nxc6 Be6 21. Nd5 Bxd5 22. exd5 a6 23. Bc4 Na4 0-1


[Site "https://www.chess.com"]

[Event "Titled Tuesday Blitz August 16 Early 2022"]
[White "Martic, Ivan"]
[Black "Alekseenko, Kirill"]
[WhiteFideId "929301"]
[BlackFideId "4135539"]
[WhiteElo "2355"]
[BlackElo "2682"]
[Result "0-1"]
[Round "01"]
[TimeControl "180+1"]
[Date "2022.08.16"]
[WhiteClock "0:00:16"]
[BlackClock "0:00:36"]

1. e4 e5 2. Nf3 Nc6 3. Bc4 Bc5 4. d3 Nf6 5. c3 d6 6. Bb3 O-O 7. O-O Be6 8. Nbd2 a5 9. Bxe6 fxe6 10. a4 Qe8 11. Nc4 h6 12. Be3 Bxe3 13. Nxe3 b6 14. Nc4 Qg6 15. Nh4 Qg5 16. g3 Rf7 17. Qd2 d5 18. exd5 exd5 19. Ne3 Raf8 20. f4 exf4 21. Rxf4 Ne4 22. dxe4 Rxf4 23. Qxd5+ R4f7 24. Re1 Ne5 25. Nef5 Re8 26. Kg2 c6 27. Qd4 Rd7 28. Nd6 Re6 29. Nhf5 Qf6 30. Rd1 g6 31. Nxh6+ Kh7 32. Ne8 Qf3+ 33. Kh3 Rxd4 34. Rxd4 Qf1+ 0-1


[Site "https://www.chess.com"]

[Event "Titled Tuesday Blitz August 16 Early 2022"]
[White "Martinez Alcantara, Jose Eduardo"]
[Black "Sharapov, Evgeny"]
[WhiteFideId "3805662"]
[BlackFideId "14103133"]
[WhiteElo "2703"]
[BlackElo "2367"]
[Result "1-0"]
[Round "01"]
[TimeControl "180+1"]
[Date "2022.08.16"]
[WhiteClock "0:00:37"]
[BlackClock "0:00:28"]

1. e4 c5 2. Nf3 d6 3. c3 Nf6 4. h3 Nc6 5. Bd3 e5 6. Bc2 Be7 7. O-O O-O 8. d3 Rb8 9. Bg5 h6 10. Bxf6 Bxf6 11. Nbd2 b5 12. Re1 b4 13. Nc4 Na5 14. Bb3 Nxb3 15. axb3 bxc3 16. bxc3 a6 17. Qc2 Qc7 18. Ne3 Be6 19. Nd2 Qb7 20. Ra3 Rfd8 21. Rea1 Ra8 22. c4 Bg5 23. Nb1 Bxe3 24. fxe3 f5 25. exf5 Bxf5 26. Nc3 Be6 27. Ne4 Bf5 28. Nc3 Be6 29. Qe2 Rf8 30. Ne4 Rfd8 31. Qf3 Ra7 32. Kh2 Qb6 33. Qg3 Kh8 34. Qg6 Bf7 35. Qg4 d5 36. Ng3 dxc4 37. dxc4 Qg6 38. Qxg6 Bxg6 39. Rxa6 Rxa6 40. Rxa6 Bc2 41. Rc6 Bxb3 42. Rxc5 Rd3 43. Nf5 e4 44. Rc8+ Kh7 45. Rc7 Kg6 46. g4 Kf6 47. Rxg7 Bxc4 48. Rh7 Be6 49. Rxh6+ Ke5 50. Nd4 Rxe3 51. Nxe6 1-0


[Site "https://www.chess.com"]

[Event "Titled Tuesday Blitz August 16 Early 2022"]
[White "Matinian, Nikita"]
[Black "Liu, Casper"]
[WhiteFideId "24129100"]
[BlackFideId "1454153"]
[WhiteElo "2422"]
[BlackElo "2025"]
[Result "1-0"]
[Round "01"]
[TimeControl "180+2"]
[Date "2022.08.18"]
[WhiteClock "0:00:00"]
[BlackClock "0:00:00"]

1. e4 c5 2. Nc3 Nc6 3. Bb5 e6 4. Bxc6 bxc6 5. f4 d5 6. Nf3 g6 7. d3 Bg7 8. O-O Ne7 9. Qe1 O-O 10. Qf2 Qa5 11. Bd2 d4 12. Nd5 Qd8 13. Ba5 Qxa5 14. Nxe7+ Kh8 15. Nxc6 Qb6 16. Nce5 Qxb2 17. Nc4 Qb8 18. Qh4 Ba6 19. Nce5 Qc7 20. Ng5 h6 21. Ng4 h5 22. f5 exf5 23. exf5 Be5 24. Nxf7+ Rxf7 25. fxg6 Rxf1+ 26. Rxf1 Bf4 27. Qxh5+ Kg8 28. Nf6+ Kg7 29. Qh7+ Kxf6 30. Qxc7 1-0


[Site "https://www.chess.com"]

[Event "Titled Tuesday Blitz August 16 Early 2022"]
[White "Matveev, Vladimir"]
[Black "Shapiro, Daniel"]
[WhiteFideId "24130753"]
[BlackFideId "2001780"]
[WhiteElo "2307"]
[BlackElo "2284"]
[Result "1-0"]
[Round "01"]
[TimeControl "180+2"]
[Date "2022.08.18"]
[WhiteClock "0:00:00"]
[BlackClock "0:00:00"]

1. d4 Nf6 2. c4 e6 3. Nf3 b6 4. a3 Ba6 5. Qc2 c5 6. d5 exd5 7. cxd5 d6 8. Nc3 g6 9. Bf4 Bg7 10. Qa4+ Ke7 11. O-O-O Qd7 12. Qc2 Rc8 13. e4 Ng4 14. e5 Nxe5 15. Nxe5 dxe5 16. Qe4 Bb7 17. Bxe5 Kf8 18. Bb5 Qf5 19. Qxf5 gxf5 20. Rhe1 a6 21. Bd3 b5 22. Bxf5 Bxe5 23. Rxe5 b4 24. Bxc8 Bxc8 25. Ne4 Nd7 26. Rh5 Kg7 27. Rd3 Bb7 28. Rg3+ Kh8 29. Ng5 Nf6 30. Rh6 Kg7 31. Rh4 Kf8 32. Rf4 Nxd5 33. Rxf7+ 1-0


[Site "https://www.chess.com"]

[Event "Titled Tuesday Blitz August 16 Early 2022"]
[White "Matyukov, Petr"]
[Black "Vovk, Orest"]
[WhiteFideId "4103688"]
[BlackFideId "14113490"]
[WhiteElo "2278"]
[BlackElo "2203"]
[Result "0-1"]
[Round "01"]
[TimeControl "180+2"]
[Date "2022.08.18"]
[WhiteClock "0:00:00"]
[BlackClock "0:00:00"]

1. c4 g5 2. g3 g4 3. Bg2 h5 4. h3 Bg7 5. hxg4 hxg4 6. Rxh8 Bxh8 7. Nc3 d6 8. d3 c5 9. Be3 Bxc3+ 10. bxc3 Qa5 11. Bd2 Nf6 12. Qc2 Nc6 13. e4 Be6 14. Ne2 O-O-O 15. Nf4 Ne5 16. Nxe6 fxe6 17. O-O-O Qa3+ 18. Kb1 Rh8 19. Bf4 Rh2 20. Bxe5 Rxg2 21. Bxf6 exf6 22. Rh1 Kc7 23. Rh7+ Kc6 24. Rh6 Rg1+ 0-1


[Site "https://www.chess.com"]

[Event "Titled Tuesday Blitz August 16 Early 2022"]
[White "McBryde, Lamel"]
[Black "Aradhya, Garg"]
[WhiteFideId "2058596"]
[BlackFideId "25006746"]
[WhiteElo "2136"]
[BlackElo "2203"]
[Result "0-1"]
[Round "01"]
[TimeControl "180+2"]
[Date "2022.08.18"]
[WhiteClock "0:00:00"]
[BlackClock "0:00:00"]

1. Nf3 d5 2. b3 c5 3. Bb2 f6 4. d4 cxd4 5. Nxd4 e5 6. Nf3 Nc6 7. e3 Be6 8. a3 Nh6 9. Nbd2 Be7 10. c4 O-O 11. cxd5 Bxd5 12. Bc4 Rc8 13. Qe2 Na5 14. Bxd5+ Qxd5 15. b4 Rc2 16. bxa5 Rxb2 17. e4 Qxa5 18. O-O Qa6 19. Qc4+ Qxc4 20. Nxc4 Rc2 21. Ne3 Rc6 22. Nd5 Bc5 23. h3 Nf7 24. Rfc1 Rfc8 25. Rcb1 b6 26. a4 Kf8 27. a5 bxa5 28. Rb7 Nd6 29. Rd7 Nxe4 30. Rxa5 Bxf2+ 31. Kf1 Rc2 32. g4 Ng3+ 33. Kg2 Be1+ 34. Kg1 Bxa5 35. Ne7 Bb6+ 0-1


[Site "https://www.chess.com"]

[Event "Titled Tuesday Blitz August 16 Early 2022"]
[White "Melikhov, Evgeny V."]
[Black "Melikyan, Gnel"]
[WhiteFideId "4122046"]
[BlackFideId "54109990"]
[WhiteElo "1963"]
[BlackElo "1772"]
[Result "0-1"]
[Round "01"]
[TimeControl "180+2"]
[Date "2022.08.18"]
[WhiteClock "0:00:00"]
[BlackClock "0:00:00"]

1. d4 Nf6 2. c4 g6 3. Nc3 Bg7 4. e4 d6 5. f3 O-O 6. Be3 c5 7. Nge2 Nc6 8. d5 Ne5 9. Ng3 e6 10. Be2 exd5 11. cxd5 a6 12. a4 Bd7 13. O-O b5 14. h3 Nc4 15. Bxc4 bxc4 16. Qe2 Qa5 17. Qxc4 Rfb8 18. Ra2 Rb4 19. Qe2 Rab8 20. Rc1 Ne8 21. Nf1 f5 22. Nd2 Rxb2 23. Rxb2 Rxb2 24. Qd3 Qb4 25. Nc4 Rb3 26. e5 dxe5 27. Nd2 e4 28. Qxa6 Rxc3 29. Rxc3 Qxc3 30. Bg5 h6 31. Qb7 hxg5 32. Qxd7 Qxd2 33. Qxe8+ Kh7 34. fxe4 Qd4+ 35. Kh1 fxe4 36. Qe6 e3 37. d6 Qd1+ 38. Kh2 e2 39. d7 e1=Q 40. Qxe1 Qxe1 41. d8=Q Be5+ 42. g3 Qxg3+ 0-1


[Site "https://www.chess.com"]

[Event "Titled Tuesday Blitz August 16 Early 2022"]
[White "Mikhalsky, Vladimir"]
[Black "Mahdavi, Reza"]
[WhiteFideId "14144352"]
[BlackFideId "12595926"]
[WhiteElo "2301"]
[BlackElo "2226"]
[Result "0-1"]
[Round "01"]
[TimeControl "180+2"]
[Date "2022.08.18"]
[WhiteClock "0:00:00"]
[BlackClock "0:00:00"]

1. d4 Nf6 2. c4 g6 3. f3 Nc6 4. e4 e5 5. d5 Nd4 6. Ne2 Bc5 7. Nbc3 a6 8. Nxd4 Bxd4 9. Ne2 Ba7 10. Qd3 d6 11. Bg5 h6 12. Bh4 g5 13. Bf2 Bxf2+ 14. Kxf2 Nh5 15. g4 Nf4 16. Nxf4 gxf4 17. h4 b6 18. b4 a5 19. c5 axb4 20. cxb6 cxb6 21. Qb5+ Bd7 22. Qxb4 Ke7 23. Bb5 Ra5 24. a4 Qa8 25. Bxd7 Kxd7 26. Qxb6 Rb8 27. Qc6+ Qxc6 28. dxc6+ Kxc6 29. Rhc1+ Kd7 30. Ra2 Rb4 31. Rca1 Rc4 32. Kg2 Ke6 33. Kh3 Rc3 34. Ra3 Rc2 35. R1a2 Rc4 36. Kg2 Rd4 37. Kh3 Kf6 38. Kg2 Kg6 39. Kh3 f6 40. Kg2 h5 41. Kh3 d5 42. exd5 hxg4+ 43. Kxg4 f5+ 44. Kh3 e4 45. fxe4 fxe4 46. Kg4 e3 47. Kf3 Kf5 48. Rg2 Raxa4 49. Rg5+ Kf6 50. Rxa4 Rxa4 51. Rg8 Kf7 52. Rd8 Re4 53. Rd7+ Ke8 54. Rg7 e2 55. Rg1 e1=Q 56. Rxe1 Rxe1 57. Kxf4 Rh1 58. Kg5 Kf7 59. d6 Rd1 60. h5 Rd5+ 61. Kh6 Rxd6+ 62. Kh7 Rf6 63. h6 Kf8 0-1


[Site "https://www.chess.com"]

[Event "Titled Tuesday Blitz August 16 Early 2022"]
[White "Miszler, Levente"]
[Black "Zhigalko, Sergei"]
[WhiteFideId "763276"]
[BlackFideId "13502956"]
[WhiteElo "1966"]
[BlackElo "2662"]
[Result "0-1"]
[Round "01"]
[TimeControl "180+1"]
[Date "2022.08.16"]
[WhiteClock "0:00:33"]
[BlackClock "0:01:52"]

1. d4 Nf6 2. Nf3 e6 3. Bg5 h6 4. Bh4 b6 5. c3 Bb7 6. Nbd2 Be7 7. Qc2 c5 8. e4 Nc6 9. e5 Nd5 10. Bxe7 Qxe7 11. Ne4 O-O 12. Nd6 Rab8 13. a3 Ba8 14. Bb5 f6 15. Bxc6 Bxc6 16. O-O fxe5 17. dxe5 Rxf3 18. Ne4 Rf5 19. f4 Ne3 20. Qd3 Nxf1 21. Rxf1 Rbf8 22. g3 Bxe4 23. Qxe4 g5 24. g4 Rxf4 0-1


[Site "https://www.chess.com"]

[Event "Titled Tuesday Blitz August 16 Early 2022"]
[White "Mitrabha, Guha"]
[Black "Sivakumar, Shaaketh"]
[WhiteFideId "5057000"]
[BlackFideId "30940176"]
[WhiteElo "2499"]
[BlackElo "1799"]
[Result "1-0"]
[Round "01"]
[TimeControl "180+2"]
[Date "2022.08.18"]
[WhiteClock "0:00:00"]
[BlackClock "0:00:00"]

1. c4 e6 2. Nc3 Nf6 3. e4 c5 4. e5 Ng8 5. d4 cxd4 6. Qxd4 Nc6 7. Qe4 d6 8. Nf3 dxe5 9. Nxe5 Nxe5 10. Qxe5 Nf6 11. Bg5 Bd6 12. Qd4 Bb4 13. Qxd8+ Kxd8 14. O-O-O+ Ke7 15. Bd2 b6 16. a3 Bc5 17. f3 Bb7 18. Bd3 Rhd8 19. Bc2 Rac8 20. Rhe1 a6 21. Kb1 Kf8 22. Bf4 Kg8 23. Rxd8+ Rxd8 24. Na4 Bd4 25. Bc7 Rc8 26. Bxb6 Rxc4 27. Rd1 e5 28. Bxd4 Rxd4 29. Rxd4 exd4 30. Nc5 Bc8 31. b4 Nd5 32. Bd3 Nf4 33. Bxa6 Bf5+ 34. Kb2 d3 35. Kc3 Nxg2 36. Bxd3 Bc8 37. a4 Ne3 38. Be4 f5 39. Bc6 g5 40. b5 Kf8 41. a5 Ke7 42. a6 Kd6 43. a7 Kxc5 44. a8=Q 1-0


[Site "https://www.chess.com"]